 Dungeon Crawl Stone Soup version 0.25-a0-404-gc1b5a34292 (webtiles) character file.

Game seed: 5162174317432811422, levelgen mode: deterministic

206 Erk the Firebug (level 5, -3/42 HPs)
             Began as a Draconian Fire Elementalist on Jan 9, 2020.
             Killed from afar by an orc wizard (6 damage)
             ... with a magic dart
             ... on level 3 of the Dungeon on Jan 10, 2020.
             The game lasted 00:13:50 (3440 turns).

Erk the Firebug (Draconian Fire Elementalist)       Turns: 3440, Time: 00:13:51

Health: -3/42      AC:  5    Str: 11    XL:     5   Next: 53%
Magic:  4/9        EV: 12    Int: 16    God:
Gold:   181        SH:  0    Dex: 11    Spells: 9/10 levels left

rFire    . . .     SeeInvis .   m - +0 dagger (venom)
rCold    . . .     Gourm    .   (no shield)
rNeg     . . .     Faith    .   (armour unavailable)
rPois    .         Spirit   .   (helmet restricted)
rElec    .         Reflect  .   (no cloak)
rCorr    .         Harm     .   (no gloves)
MR       .....                  (no boots)
Stlth    ++........             (no amulet)
HPRegen  0.14/turn              (no ring)
MPRegen  0.11/turn              (no ring)

@: no status effects
A: unfitting armour, cold-blooded, AC +5
a: no special abilities


You were on level 3 of the Dungeon.
You were hungry.

You visited 1 branch of the dungeon, and saw 4 of its levels.

You collected 181 gold pieces.

Inventory:

Hand Weapons
 g - a +0 whip
 h - a +0 club
 j - a +0 mace
 k - a +0 dagger
 l - a +0 short sword
 m - a +0 dagger of venom (weapon)
 p - a +0 short sword
 D - a +1 flail of draining
Missiles
 a - 131 stones (quivered)
 n - 11 arrows
Jewellery
 f - a +3 ring of dexterity {unknown}
 o - a +5 ring of strength {unknown}
 r - a +6 ring of strength {unknown}
Wands
 B - a wand of random effects (22)
 C - a wand of flame (15)
Scrolls
 c - 3 scrolls of remove curse {unknown}
 e - 3 scrolls of identify {unknown}
 i - 3 scrolls of magic mapping {unknown}
 u - a scroll of random uselessness {unknown}
 y - a scroll of teleportation {unknown}
 A - a scroll of enchant armour {unknown}
 E - a scroll of blinking {unknown}
Potions
 d - 2 potions of lignification {unknown}
 q - a potion of haste {unknown}
 s - a potion of berserk rage {unknown}
 t - a potion of heal wounds {unknown}
 v - a potion of degeneration {unknown}
 w - a potion of agility {unknown}
 x - 2 potions of flight {unknown}
Comestibles
 b - 4 rations
 z - a chunk of flesh


   Skills:
 + Level 2.7 Fighting
 - Level 1.7 Dodging
 - Level 1.7 Stealth
 + Level 3.1 Spellcasting
 + Level 2.7 Conjurations
 + Level 4.0 Fire Magic


You had 9 spell levels left.
You knew the following spells:

 Your Spells              Type           Power        Failure   Level  Hunger
a - Foxfire               Conj/Fire      ##..         4%          1    None

Your spell library contained the following spells:

 Spells                   Type           Power        Failure   Level  Hunger
 Conjure Flame            Conj/Fire      ##......     14%         3    ###....
 Inner Flame              Hex/Fire       #.......     24%         3    ###....
 Sticky Flame             Conj/Fire      ##......     41%         4    ####...
 Fireball                 Conj/Fire      ##........   77%         5    ######.


Dungeon Overview and Level Annotations

Branches:
Dungeon (4/15)
 Temple: D:4-7

Altars:
Fedhas


Innate Abilities, Weirdness & Mutations

Your plain brown scales are hard. (AC +5)
You cannot fit into any form of body armour.
You are cold-blooded and may be slowed by cold attacks.


Message History

A magic dart appears from out of thin air!
The magic dart hits you.
You bump into the rock wall.
Something hits you.
You bump into the rock wall.
Something hits you.
You feel less confused.
You closely miss something. Something hits you but does no damage.
You miss something. Something hits you but does no damage.
You miss something. Something hits you but does no damage.
You barely miss something. Something barely misses you.
You miss something. Something hits you.
You closely miss something.
You hear some strange, mumbled words.
A puff of frost appears from out of thin air!
The puff of frost hits you.
* * * LOW HITPOINT WARNING * * *
You closely miss something. Something hits you.
* * * LOW HITPOINT WARNING * * *
A magic dart appears from out of thin air!
The magic dart hits you.
You die...

#.....# #.....#
#.....# #.....#
#.....# #####.#
#.# #.# #@# #.#
#.######### #.#
o...))....######.#
(%#######...)....#
##########


There were no monsters in sight!

Vanquished Creatures
  Terence (D:3)
  An orc wizard (D:3)
  Ijyb (D:3)
  6 adders
  An ooze (D:1)
  A leopard gecko (D:3)
  3 orcs (D:3)
  A ball python (D:2)
  5 giant cockroaches
  7 goblins
  9 hobgoblins
  8 jackals
  5 bats
  4 frilled lizards
  9 kobolds
  7 rats
69 creatures vanquished.

Vanquished Creatures (others)
  85 foxfires
85 creatures vanquished.

Grand Total: 154 creatures vanquished

Notes
Turn   | Place    | Note
-------+----------+-------------------------------------------
     0 | D:1      | Erk the Draconian Fire Elementalist began the quest for the
                  | Orb.
     0 | D:1      | Reached XP level 1. HP: 14/14 MP: 3/3
   188 | D:1      | Reached XP level 2. HP: 16/22 MP: 0/5
   259 | D:1      | Reached skill level 1 in Fighting
   569 | D:1      | Reached XP level 3. HP: 16/28 MP: 1/6
   999 | D:1      | Upgraded the game from 0.25-a0-403-g49d089a364 to
                  | 0.25-a0-404-gc1b5a34292
  2030 | D:2      | Reached XP level 4. HP: 24/36 MP: 7/7
  3050 | D:3      | Found a blossoming altar of Fedhas.
  3096 | D:3      | Noticed Ijyb
  3110 | D:3      | Killed Ijyb
  3110 | D:3      | Reached XP level 5. HP: 22/42 MP: 9/9
  3298 | D:3      | Noticed Terence
  3307 | D:3      | Killed Terence
  3423 | D:3      | Reached skill level 4 in Fire Magic
  3435 | D:3      | HP: 2/42 [something (6)]
  3440 | D:3      | Killed from afar by an orc wizard

Levels and vault maps discovered:
D:1:      dpeg_arrival_circle_labyrinth_b, layout_basic
D:2:      layout_basic
D:3:      layout_loops_ring, fedhas_altar_3, first_ration, uniq_terence,
          uniq_ijyb
D:4:      layout_loops_cross, gammafunk_ghost_nasty_kobolds

Skill      XL: |  1  2  3  4  5 |
---------------+----------------+-----
Fighting       | 1 2 |  2.7
Conjurations   | 2 |  2.7
Spellcasting   | 3 |  3.1
Fire Magic     | 4 |  4.0
Dodging        | |  1.7
Stealth        | |  1.7

Action                   |  1- 3 |  4- 6 || total
-------------------------+-------+-------++-------
Melee: Whip              |    52 |       ||    52
       Tailslap          |     6 |     5 ||    11
       Dagger            |    54 |    83 ||   137
 Cast: Foxfire           |    32 |    35 ||    67
 Stab: Sleeping          |     2 |     2 ||     4
  Eat: Chunk             |     4 |     4 ||     8
Armor: Skin              |    50 |    21 ||    71
Dodge: Dodged            |   106 |    47 ||   153

Table legend:
 A = Non-vault XP
 B = Vault XP
 C = Vault XP percentage of total XP
 D = Non-vault monster count
 E = Vault monster count
 F = Vault count percentage of total count
                 A         B        C        D         E       F
            +---------+---------+-------+---------+---------+-------
      Total |     226 |      69 |  23.4 |      67 |       2 |   2.9
            +---------+---------+-------+---------+---------+-------
        D:1 |      63 |       0 |   0.0 |      29 |       0 |   0.0
        D:2 |      68 |       0 |   0.0 |      19 |       0 |   0.0
        D:3 |      95 |      69 |  42.1 |      19 |       2 |   9.5
            +---------+---------+-------+---------+---------+-------
